 Dungeon Crawl Stone Soup version 0.31.0-9-g3a7656b989 (webtiles) character file.

Game seed: 18415105009573017930

22544 Peloso the Peltast (level 12, 0/106 HPs)
             Began as a Minotaur Fighter on Jan 26, 2024.
             Was an Elder of Okawaru.
             Slain by Jorgrun
             ... wielding a +0 heavy quarterstaff
              (16 damage)
             ... on level 12 of the Dungeon.
             The game lasted 00:35:56 (15493 turns).

Peloso the Peltast (Minotaur Fighter)              Turns: 15493, Time: 00:35:56

Health: 0/106      AC: 22    Str: 22    XL:     12   Next: 63%
Magic:  12/12      EV:  5    Int:  5    God:    Okawaru [****..]
Gold:   924        SH: 24    Dex: 14    Spells: 11/11 levels left

rFire   . . .        a - +0 long sword
rCold   + . .        d - +0 tower shield
rNeg    . . .        t - +0 plate armour
rPois   .            g - +1 hat
rElec   .            P - +1 cloak {Stlth+}
rCorr   .            K - +2 pair of gloves {hurl}
SInv    .            A - +0 pair of boots
Will    .....        k - amulet of reflection Stlth
                     E - ring of flight
HPRegen 0.37/turn    h - ring of protection from cold
MPRegen 0.13/turn

%: reflection
@: grasped by roots, flying, constricted
A: horns 2, retaliatory headbutt
a: Renounce Religion, Heroism, Finesse


You were on level 12 of the Dungeon.
You worshipped Okawaru.
Okawaru was greatly pleased with you.
You visited 3 branches of the dungeon, and saw 16 of its levels.
You also visited: Bailey.

You collected 982 gold pieces.
You spent 58 gold pieces at shops.

Inventory:

Hand Weapons
 a - a +0 long sword (weapon)
Missiles
 Q - 3 throwing nets (quivered)
Armour
 b - a +0 scale mail
 c - a +0 pair of gloves
 d - a +0 tower shield (worn)
 g - a +1 hat (worn)
 t - a +0 plate armour (worn)
 A - a +0 pair of boots (worn)
 K - a +2 pair of gloves of hurling (worn)
 P - a +1 cloak of stealth (worn)
Jewellery
 f - a ring of positive energy
 h - a ring of protection from cold (right hand)
 k - an amulet of reflection (around neck)
 E - a ring of flight (left hand)
 N - a ring of resist corrosion
 O - an amulet of guardian spirit
Talismans
 H - a maw talisman
 S - a dragon-blood talisman
Wands
 n - a wand of polymorph (19)
 B - a wand of flame (11)
 M - a wand of paralysis (15)
Scrolls
 e - 3 scrolls of enchant weapon {unknown}
 j - a scroll of enchant armour {unknown}
 m - 6 scrolls of identify
 o - a scroll of amnesia {unknown}
 p - a scroll of teleportation
 s - 2 scrolls of poison {unknown}
 v - a scroll of brand weapon {unknown}
 x - 2 scrolls of vulnerability {unknown}
 y - 2 scrolls of blinking {unknown}
 z - a scroll of revelation {unknown}
 D - 6 scrolls of fear {unknown}
 F - a scroll of noise {unknown}
 J - a scroll of acquirement
 L - a scroll of butterflies
 R - a scroll of silence {unknown}
Potions
 i - 2 potions of heal wounds
 l - 2 potions of lignification {unknown}
 q - 3 potions of invisibility
 r - 3 potions of degeneration {unknown}
 u - a potion of haste {unknown}
 w - 4 potions of might
 C - 3 potions of curing {unknown}
 G - a potion of attraction
 I - 2 potions of magic


   Skills:
 + Level 10.2 Fighting
 + Level 12.8 Long Blades
 + Level 9.8 Armour
 + Level 6.1 Dodging
 + Level 2.0 Stealth
 + Level 16.3 Shields
 + Level 0.9 Unarmed Combat
 + Level 1.4 Invocations
 + Level 1.4 Evocations


You had 11 spell levels left.
You didn't know any spells.
Your spell library contained the following spells:

 Spells                   Type           Power      Damage    Failure   Level
 Freeze                   Ice            0%         1d3       100%        1
 Kiss of Death            Conj/Necr      0%         2d5       100%        1
 Magic Dart               Conj           0%         1d3       100%        1
 Shock                    Conj/Air       0%         1d3       100%        1
 Sting                    Conj/Alch      0%         1d3       100%        1
 Blink                    Tloc           0%         N/A       100%        2
 Ensorcelled Hibernation  Hex/Ice        0%         N/A       100%        2
 Confusing Touch          Hex            0%         N/A       100%        3
 Dazzling Flash           Conj/Hex       0%         N/A       100%        3
 Frozen Ramparts          Ice            0%         1d1       100%        3
 Hailstorm                Conj/Ice       0%         3d5       100%        3
 Mephitic Cloud           Conj/Alch/Air  0%         N/A       100%        3
 Passwall                 Erth           0%         N/A       100%        3
 Sigil of Binding         Hex            0%         N/A       100%        3
 Swiftness                Air            0%         N/A       100%        3
 Volatile Blastmotes      Fire/Tloc      0%         2d10      100%        3
 Dimensional Bullseye     Hex/Tloc       0%         N/A       100%        4
 Dispel Undead            Necr           0%         3d6       100%        4
 Fulminant Prism          Conj/Alch      0%         3d5       100%        4
 Iskenderun's Mystic Bla  Conj/Tloc      0%         2d3       100%        4
 Curse of Agony           Necr           0%         N/A       100%        5
 Iskenderun's Battlesphe  Conj           0%         2d6       100%        5
 Silence                  Hex/Air        0%         N/A       100%        5
 Bombard                  Conj/Erth      0%         9d1       100%        6
 Conjure Ball Lightning   Conj/Air       0%         3x3d6     100%        6
 Call Imp                 Summ           Unusable   N/A       N/A         2
 Call Canine Familiar     Summ           Unusable   N/A       N/A         3
 Animate Dead             Necr           Unusable   N/A       N/A         4
 Haunt                    Necr/Summ      Unusable   N/A       N/A         7
 Infestation              Necr           Unusable   N/A       N/A         8

Dungeon Overview and Level Annotations

Branches:
Dungeon (13/15)            Temple (1/1) D:5            Lair (2/5) D:9
    Orc (0/2) D:12         Bailey (visited)
  Swamp: Lair:2-3    Shoals: Lair:2-3     Snake: Lair:2-3    Spider: Lair:2-3
 Vaults: D:13-14

Altars:
Ashenzari
Cheibriados
Dithmenos
Elyvilon
Fedhas
Gozag
Hepliaklqana
Kikubaaqudgha
Makhleb
Nemelex Xobeh
Okawaru
Qazlal
Ru
Sif Muna
Trog
Uskayaw
Vehumet
Wu Jian
Xom
Yredelemnul
Zin
The Shining One

Shops:
D:7 *   D:8 [

Annotations:
D:4 3 runed translucent doors, Zing's ghost, amateur AtFi
D:5 1 runed translucent door, Noisytoot's ghost, weakling GnDe
D:12 Jorgrun


Innate Abilities, Weirdness & Mutations

You have a pair of horns on your head.
You reflexively headbutt those who attack you in melee.


Message History

You block Jorgrun's attack.
You slash Jorgrun!
Jorgrun is heavily wounded.
You feel like a meek peon again.
You slash Jorgrun! Your headbutt misses Jorgrun.
Jorgrun is severely wounded.
Jorgrun casts a spell at you.
You are slowing down.
You closely miss Jorgrun. You headbutt Jorgrun!
Jorgrun is severely wounded.
You block Jorgrun's attack.
Your limbs are stiffening.
Unknown command.
You slash Jorgrun!
Jorgrun is almost dead.
Jorgrun points at you and mumbles some strange words.
Roots burst forth from the earth!
The grasping roots grab you! The grasping roots constrict you.
You have turned to stone.
Jorgrun hits you but does no damage. The grasping roots constrict you.
Jorgrun points at you and mumbles some strange words.
The iron shot hits you!!! The grasping roots constrict you.
Jorgrun hits you with a +0 heavy quarterstaff.
The grasping roots constrict you. Jorgrun hits you but does no damage.
The grasping roots constrict you!
Jorgrun mutters some incantations to himself.
Jorgrun casts a spell at you. The iron shot hits you!!
The grasping roots constrict you. Jorgrun hits you but does no damage.
The grasping roots constrict you!
You turn to flesh and can move again.
You miss Jorgrun.
Jorgrun is almost dead.
Jorgrun points at you and mumbles some strange words.
The iron shot hits you!!
* * * LOW HITPOINT WARNING * * *
The grasping roots constrict you!
* * * LOW HITPOINT WARNING * * *
You slash Jorgrun! Your headbutt misses Jorgrun.
Jorgrun is almost dead.
Jorgrun hits you with a +0 heavy quarterstaff!
You die...

#.).....# ###.......# #######
#....#############...... #######
##.##[######........##...
......###..#.....#.....##......##
..........#.............#.######
..........................#
......####......[[.......##
......# #......@[.......# ......#
#.....g.........# ......#
#...............# ## #######
##...........>.## ###.
##.[...#..>..## ##...
##.########## ##..##
###)##############<..#
#..[##.....<.......#>#
###########..)[..###############


You could see Jorgrun.

Vanquished Creatures
  Harold (Lair:1)
  2 two-headed ogres
  3 tengu warriors (D:12)
  Pikel (D:6)
  An orc knight (Bailey)
  Maurice (D:11)
  2 cyclopes (D:11)
  A black mamba (Lair:2)
  A gargoyle (D:12)
  4 cane toads
  2 kobold demonologists (Bailey)
  4 komodo dragons
  2 hornets
  A tyrant leech (Lair:1)
  3 trolls
  5 blink frogs (Lair:2)
  A shadow (D:10)
  2 wraiths
  A wyvern (D:8)
  23 yaks
  Menkaure (D:6)
  2 steam dragons
  5 vampire mosquitoes (D:12)
  Duvessa (D:6)
  2 acid dragons
  3 water moccasins
  17 orc warriors
  2 black bears
  A sky beast (D:8)
  An ice beast (D:7)
  2 ogres
  4 centaurs
  8 wolves
  2 lemures (D:6)
  3 phantoms
  Blork the orc (D:6)
  2 gnoll sergeants
  7 bullfrogs
  2 scorpions (D:6)
  7 wights
  Dowan (D:6)
  4 killer bees (D:7)
  6 electric eels (Bailey)
  2 howler monkeys (D:8)
  2 hounds
  A jelly (D:6)
  10 orc priests
  3 sleepcaps
  3 iguanas
  8 orc wizards
  16 gnolls
  4 adders
  A shadow imp (D:5)
  3 white imps
  4 ufetubi
  A ribbon worm (D:5)
  A dart slug (D:3)
  32 orcs
  8 bats
  6 endoplasms
  3 giant cockroaches
  18 goblins
  12 hobgoblins
  8 jackals
  5 quokkas
  8 ball pythons
  4 frilled lizards
  10 kobolds
  3 rats
321 creatures vanquished.

Notes
Turn   | Place    | Note
-------+----------+-------------------------------------------
     0 | D:1      | Peloso the Minotaur Fighter began the quest for the Orb.
     0 | D:1      | Reached XP level 1. HP: 19/19 MP: 0/0
    77 | D:1      | Reached XP level 2. HP: 20/27 MP: 1/1
   220 | D:1      | Reached skill level 4 in Shields
   355 | D:1      | Reached XP level 3. HP: 22/33 MP: 2/2
   981 | D:2      | Reached XP level 4. HP: 25/40 MP: 3/3
  1528 | D:2      | Identified the +7 spear of Ru's Hatred {chaos, ^Contam
                  | Int+3 Dex+2}
  1631 | D:3      | Found a basalt altar of Yredelemnul.
  1662 | D:3      | Reached skill level 5 in Shields
  1662 | D:3      | Reached XP level 5. HP: 41/47 MP: 4/4
  2222 | D:4      | Noticed a phantom
  2239 | D:4      | Killed a phantom
  2251 | D:4      | Found a glowing golden altar of the Shining One.
  2277 | D:4      | Noticed a phantom
  2284 | D:4      | Killed a phantom
  2285 | D:4      | Reached skill level 5 in Long Blades
  2285 | D:4      | Reached skill level 1 in Dodging
  2285 | D:4      | Reached XP level 6. HP: 53/53 MP: 5/5
  2977 | D:4      | Found a runed translucent gate.
  2977 | D:4      | Found a runed translucent gate.
  2978 | D:4      | Found a runed translucent gate.
  2980 | D:4      | Noticed Zing's ghost (amateur AtFi)
  3019 | D:5      | Entered Level 5 of the Dungeon
  3045 | D:5      | Reached XP level 7. HP: 60/60 MP: 6/6
  3059 | D:5      | Reached skill level 5 in Armour
  3106 | D:5      | Reached skill level 6 in Shields
  3110 | D:5      | Reached skill level 5 in Fighting
  3303 | D:5      | Found a staircase to the Ecumenical Temple.
  3311 | Temple   | Entered the Ecumenical Temple
  3469 | D:5      | Found a runed translucent door.
  3470 | D:5      | Noticed Noisytoot's ghost (weakling GnDe)
  3619 | D:5      | You fall into a shaft and drop 1 floor!
  3693 | D:6      | Noticed Menkaure
  3704 | D:6      | Killed Menkaure
  3790 | D:6      | Reached XP level 8. HP: 53/69 MP: 7/7
  3854 | D:6      | Reached skill level 7 in Shields
  3913 | D:6      | Noticed Pikel
  3955 | D:6      | Killed Pikel
  4199 | D:6      | Noticed Duvessa
  4200 | D:6      | Noticed Dowan
  4210 | D:6      | Killed Duvessa
  4211 | D:6      | Reached skill level 8 in Shields
  4218 | D:6      | Killed Dowan
  4461 | D:6      | Reached XP level 9. HP: 69/75 MP: 8/8
  4641 | D:6      | Noticed Blork the orc
  4659 | D:6      | Killed Blork the orc
  5229 | D:7      | Found Fiuryel's Assorted Antiques.
  5236 | D:7      | Bought a smoky dark potion for 27 gold pieces
  5236 | D:7      | Bought a scroll labelled ASOEVA CAGAJA for 31 gold pieces
  5273 | D:7      | Reached skill level 9 in Shields
  5406 | D:7      | Got the Compilation of the Lethal Tundra
  5835 | D:7      | Reached skill level 1 in Stealth
  6009 | D:7      | Reached skill level 10 in Shields
  6081 | D:7      | Found an ornate altar of the Wu Jian Council.
  6251 | D:8      | Noticed a two-headed ogre
  6264 | D:8      | Killed a two-headed ogre
  6265 | D:8      | Reached XP level 10. HP: 53/84 MP: 9/9
  6692 | D:8      | Found Safity's Antique Armour Shop.
  6844 | D:8      | Reached skill level 10 in Long Blades
  6887 | D:8      | Reached skill level 11 in Shields
  6910 | D:8      | Reached skill level 5 in Dodging
  7369 | D:8      | Found the +7 staff of the Meek {protect, meekguard}
  7606 | D:9      | Found a bloodstained altar of Trog.
  7610 | D:9      | Found a burning altar of Makhleb.
  7614 | D:9      | Found an iron altar of Okawaru.
  7614 | D:9      | Found an opulent altar of Gozag.
  7618 | D:9      | Found a shimmering blue altar of Sif Muna.
  7618 | D:9      | Found an ancient bone altar of Kikubaaqudgha.
  7623 | D:9      | Became a worshipper of Warmaster Okawaru
  7732 | D:9      | Found a blossoming altar of Fedhas.
  8081 | D:9      | Reached skill level 12 in Shields
  8094 | D:9      | Reached * piety under Okawaru
  8462 | D:9      | Found a staircase to the Lair.
  8538 | D:9      | Reached ** piety under Okawaru
  8547 | D:9      | Reached XP level 11. HP: 72/95 MP: 10/10
  8553 | D:9      | Noticed a two-headed ogre
  8565 | D:9      | Killed a two-headed ogre
  9327 | D:10     | Entered Level 10 of the Dungeon
  9379 | D:10     | Found a flagged portal.
  9435 | D:10     | HP: 4/95 [something (9)]
  9443 | Bailey   | Entered a bailey
  9673 | Bailey   | Noticed an orc knight
  9702 | Bailey   | Killed an orc knight
  9850 | Bailey   | Reached skill level 1 in Evocations
 10202 | Bailey   | Found an iron altar of Okawaru.
 10205 | Bailey   | Noticed a sun demon
 10222 | Bailey   | HP: 3/95 [red devil/+0 trident[a kobold demonologist] (15)]
 10225 | Bailey   | Reached skill level 13 in Shields
 10549 | Bailey   | Got the Compendium of Confrontation
 10571 | Bailey   | Identified the +5 mace of Evisceration {venom, rN+ Int+3}
 11250 | D:10     | Found a stormy altar of Qazlal.
 11339 | D:11     | Reached *** piety under Okawaru
 11657 | D:11     | Noticed Maurice
 11677 | D:11     | Paralysed by Maurice for 5 turns
 11680 | D:11     | Maurice stole a ring of positive energy
 11695 | D:11     | Maurice stole a maw talisman
 11699 | D:11     | Maurice stole 628 gold
 11706 | D:11     | Paralysed by something for 2 turns
 11719 | D:11     | Paralysed by something for 2 turns
 11724 | D:11     | Paralysed by something for 4 turns
 11728 | D:11     | Killed Maurice
 11729 | D:11     | Reached skill level 14 in Shields
 11849 | D:11     | Found the +1 robe of Vines {NoPotionHeal Regen++++}
 11877 | D:11     | Noticed a six-headed hydra
 11943 | Lair:1   | Entered Level 1 of the Lair of Beasts
 11986 | Lair:1   | Noticed a boulder beetle
 12021 | Lair:1   | a boulder beetle changed into a tyrant leech
 12311 | Lair:1   | Reached skill level 1 in Invocations
 12409 | Lair:1   | Reached XP level 12. HP: 104/104 MP: 11/11
 12464 | Lair:1   | Reached **** piety under Okawaru
 12482 | Lair:1   | Noticed Harold
 12507 | Lair:1   | Killed Harold
 12649 | Lair:1   | Reached skill level 15 in Shields
 13546 | D:12     | Found a staircase to the Orcish Mines.
 13861 | D:12     | Identified the +0 robe "Gumoel" {Int+3}
 14785 | Lair:2   | Reached skill level 10 in Fighting
 14932 | Lair:2   | Noticed a seven-headed hydra
 15098 | D:13     | Noticed a tengu warrior
 15101 | D:13     | Noticed a tengu warrior
 15155 | D:12     | Killed a tengu warrior
 15156 | D:12     | Reached skill level 16 in Shields
 15258 | D:13     | Noticed a tengu warrior
 15260 | D:13     | Noticed a centaur warrior
 15263 | D:13     | Noticed Jorgrun
 15263 | D:13     | Noticed a centaur warrior
 15271 | D:12     | Killed a tengu warrior
 15281 | D:12     | Killed a tengu warrior
 15493 | D:12     | Slain by Jorgrun

Illustrated notes

Levels and vault maps discovered:
D:1:      minmay_arrival_up_and_down, layout_basic,
          nicolae_concentric_dashed_squares_wild, serial_bayou_pond_c,
          minmay_pentomino_w2
D:2:      layout_basic, serial_corexii_hall, chequers_hall_statues_wall_a,
          corexii_hall_statues_deadend
D:3:      layout_rooms, yredelemnul_altar_generic, minmay_misc_feat_alley,
          hellmonk_no_cap
D:4:      layout_cave_pods, nicolae_tso_carved_into_rock,
          gammafunk_ghost_necromancy
D:5:      layout_rooms, minmay_temple_entry_ruins,
          ebering_ghost_reflecting_pool, minmay_misc_feat_five,
          kennysheep_generic_room_7
D:6:      layout_basic, st_stairs_6, uniq_blork_the_orc, uniq_duvessa,
          uniq_menkaure, uniq_pikel
D:7:      layout_loops_ring, mainiacjoe_overflow_paths, serial_shops, shop
D:8:      layout_basic, serial_shops, shop, minmay_misc_feat_ornament,
          minmay_misc_feat_tower, pf_guarded_unrand_meek
D:9:      layout_loops_ring, minitemple, erik_lair_orcish_takeover
D:10:     layout_long_grid, nicolae_qazlal_style_of_elements, enter_bailey_5
D:11:     layout_basic, hellmonk_guarded_unrand_vines, uniq_maurice
D:12:     layout_rooms, orc_0_dummy
D:13:     layout_loops_cross, serial_shops, shop, minivault_26, uniq_frances,
          uniq_jorgrun
Temple:   hellmonk_temple_of_storms
Lair:1:   layout_layer_cave, beast_lair_carwin_9, uniq_harold
Lair:2:   layout_regular_city, minmay_shoals_entry_centaurs

Skill      XL: |  1  2  3  4  5  6  7  8  9 10 11 12 |
---------------+-------------------------------------+-----
Armour         | 4 5 6 7 8 9 |  9.8
Shields        | 4 5 6 8 10 12 14 16 | 16.3
Fighting       | 4 5 6 8 9 10 | 10.2
Long Blades    | 3 4 5 7 8 9 11 12 | 12.8
Dodging        | 1 2 3 5 6 |  6.1
Stealth        | 1 2 |  2.0
Evocations     | 1 |  1.4
Invocations    | 1 |  1.4
Unarmed Combat | |  0.9

Action                     |  1- 3 |  4- 6 |  7- 9 | 10-12 || total
---------------------------+-------+-------+-------+-------++-------
  Melee: Long sword        |    84 |   131 |   328 |  1075 ||  1618
         Headbutt          |    13 |    19 |    65 |   271 ||   368
         Unarmed           |       |       |     6 |       ||     6
         Maw               |       |       |       |     1 ||     1
 Invoke: Heroism           |       |       |       |    19 ||    19
  Evoke: Wand              |       |       |       |    16 ||    16
    Use: Potion            |     1 |     1 |     1 |     6 ||     9
         Scroll            |       |     3 |       |     2 ||     5
 Armour: Scale mail        |   101 |    64 |    15 |       ||   180
         Chain mail        |       |       |    91 |    51 ||   142
         Skin              |       |       |     9 |       ||     9
         Plate armour      |       |       |       |   388 ||   388
  Dodge: Dodged            |    75 |    31 |    41 |   118 ||   265
  Block: Buckler           |    45 |    27 |       |       ||    72
         Tower shield      |       |    83 |   337 |  1378 ||  1798
         Reflection        |       |       |     2 |    46 ||    48
         Form:             |       |       |       |     3 ||     3
         Maw               |       |       |       |     2 ||     2
         Dragon            |       |       |       |     1 ||     1
